 Dungeon Crawl Stone Soup version 0.21.1-1-g345015f (webtiles) character file.

66 inc the Conjurer (level 4, 0/27 HPs)
             Began as an Octopode Wizard on Apr 29, 2018.
             Succumbed to an adder's poison
             ... on level 2 of the Dungeon.
             The game lasted 00:02:51 (1496 turns).

inc the Conjurer (Octopode Wizard)                  Turns: 1496, Time: 00:02:52

Health: 0/27       AC:  1    Str:  7 (8)  XL:     4   Next: 15%
Magic:  1/8        EV: 13    Int: 18 (21) God:
Gold:   66         SH:  0    Dex: 13 (15) Spells: 8/9 levels left

rFire    . . .     SeeInvis .   e - +0 whip
rCold    . . .     Gourm    .   (no shield)
rNeg     . . .     Faith    .   a - +0 hat
rPois    .         Spirit   .   (no amulet)
rElec    .         Reflect  .   d - +5 ring of dexterity
rCorr    .         Harm     .   f - +2 ring of strength
MR       .....                  (no ring)
Stlth    +++.......             (no ring)
HPRegen  0.09/turn              (no ring)
MPRegen  0.11/turn              (no ring)
                                (no ring)
                                (no ring)

@: lethally poisoned (0 -> -9)
A: almost no armour, stealthy swim, amphibious, 8 rings, constrict 8, camouflage
1, gelatinous body 1
a: no special abilities


You were on level 2 of the Dungeon.
You were not hungry.

You visited 1 branch of the dungeon, and saw 2 of its levels.

You collected 66 gold pieces.

Inventory:

Hand Weapons
 e - a +0 whip (weapon)
Armour
 a - a +0 hat (worn)
Jewellery
 d - a +5 ring of dexterity (left tentacle)
 f - a +2 ring of strength (right tentacle)
 n - an uncursed ring of magical power {unknown}
Scrolls
 g - a scroll of fear {unknown}
 h - a scroll of enchant armour {unknown}
 i - a scroll of blinking {unknown}
 j - 2 scrolls of identify {unknown}
Books
 b - a book of Minor Magic

   Spells                             Type                      Level
   a - Magic Dart                     Conjuration                  1
   b - Blink                          Translocation                2
   c - Call Imp                       Summoning                    2
   d - Slow                           Hexes                        2
   e - Conjure Flame                  Conjuration/Fire             3
   f - Mephitic Cloud                 Conjuration/Poison/Air       3
Comestibles
 c - 4 rations


   Skills:
 - Level 2.0 Dodging
 - Level 2.6 Stealth
 - Level 3.0 Spellcasting
 + Level 3.9 Conjurations
   Level 1.0 Summonings
   Level 1.0 Translocations


You had 8 spell levels left.
You knew the following spells:

 Your Spells              Type           Power        Failure   Level  Hunger
a - Magic Dart            Conj           ###.         3%          1    None


Dungeon Overview and Level Annotations

Branches:
Dungeon (2/15)

Altars:


Innate Abilities, Weirdness & Mutations

You cannot wear most types of armour.
You are very stealthy in the water. (Stealth+)
You are amphibious.
You can wear up to eight rings at the same time.
You can use your tentacles to constrict eight enemies at once.
Your skin changes colour to match your surroundings (Stealth+).
Your rubbery body absorbs attacks. (AC +1, EV +1)


Message History

The magic dart hits the kobold.
You kill the kobold!
You feel sick.
The orc throws a stone.
The stone hits you.
Casting: Magic Dart
Confirm with . or Enter, or press ? or * to list all spells.
Aiming: Magic Dart
Press: ? - help, Shift-Dir - straight line, f - gnoll
Aim: a gnoll The magic dart hits the gnoll.
The gnoll is moderately wounded.
You feel sick.
The gnoll throws a stone.
The stone completely misses you.
The orc throws a stone.
The stone closely misses you.
You feel sick.
The gnoll throws a stone.
The stone barely misses you.
The orc throws a stone.
The stone hits you.
You see here a stone.
You feel sick.
The gnoll throws a stone.
The stone hits you!
* * * LOW HITPOINT WARNING * * *
* * * LOW HITPOINT WARNING * * *
You feel sick.
The gnoll throws a stone.
The stone barely misses you.
You die...

# # ####### # #.....# # #.....# #
# #.....# # .#.#.
##############.....######
≈≈≈≈≈≈#og†((..@(...............
.og...'.############.....######
≈≈≈≈≈≈#........................
#.#.# #.###....#####.##........ #
#...)...........+†...>... #######
#.###....########........
..<...###.# #....# #########
..........# #....# #
#############....################


You could see a gnoll and an orc.

Vanquished Creatures
  2 adders (D:2)
  3 dart slugs
  A ball python (D:1)
  2 giant cockroaches (D:1)
  7 goblins
  3 hobgoblins (D:2)
  3 jackals (D:1)
  A quokka (D:2)
  5 bats (D:1)
  2 frilled lizards (D:1)
  5 kobolds
  7 rats
41 creatures vanquished.

Notes
Turn   | Place    | Note
-------+----------+-------------------------------------------
     0 | D:1      | inc the Octopode Wizard began the quest for the Orb.
     0 | D:1      | Reached XP level 1. HP: 11/11 MP: 4/4
   301 | D:1      | Reached XP level 2. HP: 13/17 MP: 0/6
   866 | D:1      | Reached XP level 3. HP: 21/21 MP: 1/7
  1490 | D:2      | Reached XP level 4. HP: 19/27 MP: 2/8
  1495 | D:2      | HP: 1/27 [poisoned by an adder]
  1496 | D:2      | Succumbed to an adder's poison

Skill      XL: |  1  2  3 |
---------------+----------+-----
Conjurations   | 2 3 |  3.9
Dodging        | |  2.0
Stealth        | |  2.6
Spellcasting   | |  3.0
Summonings     | |  1.0
Translocations | |  1.0

Action                   |  1- 3 |  4- 6 || total
-------------------------+-------+-------++-------
Melee: Unarmed           |    25 |       ||    25
       Constrict         |     9 |       ||     9
       Tentacles         |     5 |       ||     5
       Whip              |     5 |       ||     5
 Cast: Magic Dart        |    72 |     3 ||    75
  Use: Potion            |     2 |       ||     2
  Eat: Chunk             |     2 |       ||     2
Armor: Skin              |     7 |       ||     7
Dodge: Dodged            |    40 |     5 ||    45
